 Dungeon Crawl Stone Soup version 0.27-a0-1502-g47ed6a6988 (webtiles) character file.

Game seed: 12727877551889261171

66 Tocho the Grasshopper (level 3, 0/28 HPs)
             Began as a Palentonga Warper on July 8, 2021.
             Succumbed to an adder's poison
             ... on level 2 of the Dungeon.
             The game lasted 00:05:55 (2553 turns).

Tocho the Grasshopper (Palentonga Warper)           Turns: 2553, Time: 00:05:55

Health: 0/28       AC:  5    Str: 15    XL:     3   Next: 96%
Magic:  1/6        EV:  8    Int: 13    God:
Gold:   152        SH:  0    Dex:  9    Spells: 5/7 levels left

rFire    . . .     SeeInvis +   a - +0 hand axe
rCold    . . .     Faith    .   (no shield)
rNeg     . . .     Spirit   .   m - +0 ring mail
rPois    .         Reflect  .   (no helmet)
rElec    .         Harm     .   (no cloak)
rCorr    .         Rampage  .   (no gloves)
Will     .....                  (no barding)
Stlth    ..........             (no amulet)
HPRegen  0.09/turn              (no ring)
MPRegen  0.10/turn              (no ring)

@: mighty, lethally poisoned (0 -> -5), flying, very slightly contaminated,
invisible
A: large, rugged brown scales 3, see invisible, deformed body, roll 1, armoured
tail
a: Rolling Charge


You were on level 2 of the Dungeon.
You visited 1 branch of the dungeon, and saw 2 of its levels.

You collected 152 gold pieces.

Inventory:

Hand Weapons
 a - a +0 hand axe (weapon)
Missiles
 d - 5 boomerangs of dispersal
Armour
 b - a +0 leather armour
 m - a +0 ring mail (worn)
Jewellery
 g - an amulet of faith
Scrolls
 c - a scroll of blinking
Potions
 e - a potion of attraction
 f - a potion of haste
 k - a potion of flight


   Skills:
 + Level 2.1 Fighting
 * Level 2.4 Axes
 + Level 0.6 Throwing
 * Level 1.8 Armour
 + Level 1.8 Dodging
 + Level 0.1 Stealth
 + Level 2.5 Spellcasting
 + Level 3.3 Translocations


You had 5 spell levels left.
You knew the following spells:

 Your Spells              Type           Power      Damage    Failure   Level
a - Blink                 Tloc           N/A        N/A       19%         2

Your spell library contained the following spells:

 Spells                   Type           Power      Damage    Failure   Level
 Gell's Gravitas          Tloc           5%         N/A       34%         3
 Lesser Beckoning         Tloc           5%         N/A       34%         3
 Teleport Other           Tloc           10%        N/A       34%         3
 Manifold Assault         Tloc           10%        N/A       97%         5
 Airstrike                Air            0%         N/A       99%         4
 Summon Lightning Spire   Summ/Air       1%         N/A       99%         4
 Lightning Bolt           Conj/Air       0%         1d11      100%        5


Dungeon Overview and Level Annotations

Branches:
Dungeon (2/15)

Altars:


Innate Abilities, Weirdness & Mutations

You are completely covered in rugged brown scales. (AC +3, +7% HP)
You have supernaturally acute eyesight. (SInv)
Armour fits poorly on your strangely shaped body.
You can roll at nearby foes to attack.
You have a long armoured tail.


Message History

You feel sick.
You are no longer poisoned.
The adder barely misses you.
Your magical contamination has completely faded away.
Casting: Blink (safe; 19% risk of failure)
Confirm with . or Enter, or press ? or * to list all spells.
You blink.
Roll where?
Press: ? - help, Dir - move target, f/p - adder
Aim: an adder (moderately wounded)
You roll forward with a clatter of scales!
You barely miss the adder.
The adder is moderately wounded.
The adder bites you.
* * * LOW HITPOINT WARNING * * *
The adder completely misses you.
It was a potion of might.
You feel very mighty all of a sudden. The adder bites you but does no damage.
Okay, then.
You closely miss the adder.
The adder is moderately wounded.
The adder bites you but does no damage. The adder bites you.
* * * LOW HITPOINT WARNING * * *
You are lethally poisoned!
The adder poisons you!
It was a potion of flight.
You feel very buoyant.
You fly up into the air.
* * * LOW HITPOINT WARNING * * *
You feel sick. The adder barely misses you.
It was a potion of invisibility.
You fade into invisibility!
* * * LOW HITPOINT WARNING * * *
You feel sick. The adder bites you but does no damage.
You are very lightly contaminated with residual magic.
You strike the helpless adder from behind!
You slash the adder!
You kill the adder!
You die...

.....#.###.......### ##
.....#..##.......#######...
.....'...........'...[.....
.....##.##.......##.####.#.
.....##......#####..####.#
.....###.###.# #.......#
'##### #.# #.#####.......####
....# #.###)....##..⌠........
....####..######@##...........
....#.....## #†##.......g...
....#......# #l##.#.##......
....#......## #g##g#.# .#####
....#.......# #g##.#....#
..........#.## #.##.######
....#.....#..###....##
....#.....##.........#
#####.....##.........#


You could see 2 gnolls and a frilled lizard.

Vanquished Creatures
  Jessica (D:2)
  An adder (D:2)
  A dart slug (D:2)
  A ball python (D:1)
  3 endoplasms (D:1)
  3 giant cockroaches
  A hobgoblin (D:1)
  11 jackals
  A quokka (D:1)
  3 bats
  A frilled lizard (D:2)
  2 goblins
  3 kobolds (D:2)
  2 rats (D:1)
34 creatures vanquished.

Vanquished Creatures (others)
  5 toadstools (D:1)
5 creatures vanquished.

Grand Total: 39 creatures vanquished

Notes
Turn   | Place    | Note
-------+----------+-------------------------------------------
     0 | D:1      | Tocho the Palentonga Warper began the quest for the Orb.
     0 | D:1      | Reached XP level 1. HP: 17/17 MP: 3/3
   361 | D:1      | Reached skill level 1 in Armour
   523 | D:1      | Reached XP level 2. HP: 22/23 MP: 5/5
   526 | D:1      | Learned a level 2 spell: Blink
  1249 | D:1      | Found a faded altar of an unknown god.
  1688 | D:2      | Noticed Jessica
  1697 | D:2      | Reached XP level 3. HP: 13/28 MP: 2/6
  1703 | D:2      | Killed Jessica
  2084 | D:2      | HP: 1/28 [dart slug/slug dart (6)]
  2553 | D:2      | Succumbed to an adder's poison

Illustrated notes

Levels and vault maps discovered:
D:1:      lightli_arrival_maybe_door_vault, layout_loops_ring,
          shapermc_ecumenical_altar_ellora, minmay_gold_behind_fungi,
          patterned_corridor
D:2:      layout_basic, solitary_fountain, uniq_jessica

Skill      XL: |  1 |
---------------+----+-----
Armour         | 1 |  1.8
Fighting       | |  2.1
Axes           | |  2.4
Throwing       | |  0.6
Dodging        | |  1.8
Stealth        | |  0.1
Spellcasting   | |  2.5
Translocations | |  3.3

Action                   || total
-------------------------++-------
Melee: Hand axe          ||   127
       Tailslap          ||    10
 Cast: Blink             ||    13
 Abil: Rolling Charge    ||    30
  Use: Scroll            ||     3
       Potion            ||     4
 Stab: Invisible         ||     1
Armor: Leather armour    ||    46
       Ring mail         ||    10
Dodge: Dodged            ||    83

Table legend: (Time is in decaauts)
 A = Elapsed time spent in this place.
 B = Non-inter-level travel time spent in this place.
 C = Inter-level travel time spent in this place.
 D = Time resting spent in this place.
 E = Time spent auto-exploring this place.
 F = Levels seen in this place.
 G = Mean time per level.
                   A        B        C        D        E       F      G
               +--------+--------+--------+--------+--------+-----+--------+
         Total |   2576 |   2507 |     69 |    399 |   1814 |   2 | 1288.0 |
       Dungeon |   2576 |   2507 |     69 |    399 |   1814 |   2 | 1288.0 |
               +--------+--------+--------+--------+--------+-----+--------+

Top non-repeatable levels by time:
     D:1: 1687 daAuts
     D:2: 889 daAuts
